 Dungeon Crawl Stone Soup version 0.31-a0-819-gf6de2f5ab6 (webtiles) character file.

Game seed: 7959891488308617103

87 DApurpleWHUMPUS the Conjurer (level 4, -1/24 HPs)
             Began as a Deep Elf Conjurer on Sept 24, 2023.
             Slain by Natasha (4 damage)
             ... on level 3 of the Dungeon.
             The game lasted 00:04:23 (2125 turns).

DApurpleWHUMPUS the Conjurer (Deep Elf Conjurer)    Turns: 2125, Time: 00:04:24

Health: -1/24      AC:  4    Str:  4    XL:     4   Next: 28%
Magic:  7/12       EV: 11    Int: 25    God:
Gold:   86         SH:  0    Dex: 13    Spells: 9/12 levels left

rFire   + . .        d - +3 short sword
rCold   + . .        (no shield)
rNeg    . . .        g - +0 leather armour
rPois   .            (no helmet)
rElec   .            l - scarf {rC+ rF+}
rCorr   .            (no gloves)
SInv    .            h - +0 pair of boots
Will    .....        (no amulet)
Stlth   ++           (no ring)
HPRegen 0.24/turn    (no ring)
MPRegen 0.13/turn

%: no passive effects
@: no status effects
A: no striking features
a: no special abilities


You were on level 3 of the Dungeon.
You visited 1 branch of the dungeon, and saw 3 of its levels.

You collected 86 gold pieces.

Inventory:

Hand Weapons
 d - a +3 short sword (weapon)
Armour
 a - a +0 robe
 g - a +0 leather armour (worn)
 h - a +0 pair of boots (worn)
 l - a scarf of resistance (worn)
Scrolls
 c - 2 scrolls of enchant armour {unknown}
 e - 2 scrolls of enchant weapon {unknown}
 f - 4 scrolls of teleportation {unknown}
 j - 4 scrolls of identify {unknown}
 n - a scroll of fog {unknown}
 o - a scroll of acquirement {unknown}
Potions
 b - a potion of magic
 i - 2 potions of mutation {unknown}
 k - a potion of cancellation {unknown}
 m - a potion of curing {unknown}


   Skills:
 - Level 2.4 Dodging
 - Level 2.4 Stealth
 * Level 4.9 Spellcasting
 * Level 5.4 Conjurations


You had 9 spell levels left.
You knew the following spells:

 Your Spells              Type           Power      Damage    Failure   Level
a - Magic Dart            Conj           100%       1d8       1%          1
b - Searing Ray           Conj           66%        2d6       2%          2

Your spell library contained the following spells:

 Spells                   Type           Power      Damage    Failure   Level
 Dazzling Flash           Conj/Hex       38%        N/A       14%         3
 Fulminant Prism          Conj/Hex       9%         3d7       43%         4
 Iskenderun's Mystic Bla  Conj/Tloc      19%        2d6       43%         4


Dungeon Overview and Level Annotations

Branches:
Dungeon (3/15)

Altars:
Uskayaw

Shops:
D:3 =

Annotations:
D:2 Sigmund
D:3 Natasha


Message History

The hobgoblin hits you.
Casting: Magic Dart (safe; 1% risk of failure)
Confirm with . or Enter, or press ? or * to list all spells.
Aiming: Magic Dart (safe; 1% risk of failure)
Press: ? - help, Shift-Dir - straight line, f/p - hobgoblin
Aim: a hobgoblin (100% to hit)
The magic dart hits the hobgoblin.
The hobgoblin is heavily wounded.
The cerulean imp barely misses you.
The hobgoblin hits you but does no damage.
Casting: Magic Dart (safe; 1% risk of failure)
Confirm with . or Enter, or press ? or * to list all spells.
Aiming: Magic Dart (safe; 1% risk of failure)
Press: ? - help, Shift-Dir - straight line, f/p - hobgoblin
Aim: a hobgoblin (heavily wounded, 100% to hit)
The magic dart hits the hobgoblin!
You kill the hobgoblin!
The cerulean imp hits you from afar with a +2 spear.
* * * LOW HITPOINT WARNING * * *
Okay, then.
Natasha stares at you and mumbles some strange words.
The magic dart hits you.
* * * LOW HITPOINT WARNING * * *
Casting: Magic Dart (safe; 1% risk of failure)
Confirm with . or Enter, or press ? or * to list all spells.
Aiming: Magic Dart (safe; 1% risk of failure)
Press: ? - help, Shift-Dir - straight line, f - Natasha
Aim: Natasha (100% to hit)
The magic dart hits Natasha.
Natasha is moderately wounded.
Casting: Magic Dart (safe; 1% risk of failure)
Confirm with . or Enter, or press ? or * to list all spells.
Aiming: Magic Dart (safe; 1% risk of failure)
Press: ? - help, Shift-Dir - straight line, f/p - Natasha
Aim: Natasha (moderately wounded, 100% to hit)
The magic dart hits Natasha.
Natasha is heavily wounded.
Natasha claws you.
You die...
Natasha begins licking her fur clean.

...............#
..............# ...
........(.....###
.#..#
.(...........$...
.....
....#......##...
#.#..†#..####...##.#
.
#...#.†#..^.5.5..#.#
#...#.#####g##......
#..#....@h.###......
#......##### ....##
##..##.#####.#.....#
##...#.......#.##...
######......#######
.## #.......[.#.#
+.###..#..#.#
....##..#..#
#.#######.##.#


You could see Natasha, a cerulean imp (summoned) and a hobgoblin.

Vanquished Creatures
  4 adders
  2 dart slugs
  2 ball pythons
  7 endoplasms
  5 giant cockroaches
  6 goblins
  4 hobgoblins
  2 jackals (D:1)
  A quokka (D:1)
  3 bats
  2 frilled lizards (D:1)
  4 kobolds (D:1)
  2 rats (D:1)
44 creatures vanquished.

Notes
Turn   | Place    | Note
-------+----------+-------------------------------------------
     0 | D:1      | DApurpleWHUMPUS the Deep Elf Conjurer began the quest for
                  | the Orb.
     0 | D:1      | Reached XP level 1. HP: 10/10 MP: 6/6
   155 | D:1      | Reached XP level 2. HP: 15/15 MP: 2/8
  1019 | D:1      | Reached skill level 5 in Conjurations
  1019 | D:1      | Reached XP level 3. HP: 19/19 MP: 7/10
  1214 | D:2      | Learned a level 2 spell: Searing Ray
  1386 | D:2      | Found a hide-covered altar of Uskayaw.
  1741 | D:2      | Reached XP level 4. HP: 24/24 MP: 7/12
  1776 | D:2      | Noticed Sigmund
  2109 | D:3      | Noticed Natasha
  2111 | D:3      | Found Fipentokh's Jewellery Boutique.
  2125 | D:3      | Slain by Natasha

Illustrated notes

Levels and vault maps discovered:
D:1:      dpeg_arrival_tiny_d, layout_loops_corners
D:2:      layout_loops_cross, basic_altar, uniq_sigmund
D:3:      layout_rooms, serial_shops, shop, hex_intersection,
          grunt_ministairs_3, uniq_natasha

Skill      XL: |  1  2 |
---------------+-------+-----
Spellcasting   | 4 |  4.9
Conjurations   | 5 |  5.4
Dodging        | |  2.4
Stealth        | |  2.4

Action                     |  1- 3 |  4- 6 || total
---------------------------+-------+-------++-------
  Melee: Short sword       |    24 |     4 ||    28
   Cast: Magic Dart        |    59 |    18 ||    77
   Stab: Sleeping          |     4 |       ||     4
 Armour: Leather armour    |    14 |    15 ||    29
         Robe              |     5 |       ||     5
  Dodge: Dodged            |    12 |     8 ||    20

Table legend: (Time is in decaauts)
 A = Elapsed time spent in this place.
 B = Non-inter-level travel time spent in this place.
 C = Inter-level travel time spent in this place.
 D = Time resting spent in this place.
 E = Time spent auto-exploring this place.
 F = Levels seen in this place.
 G = Mean time per level.
                   A        B        C        D        E       F      G
               +--------+--------+--------+--------+--------+-----+--------+
         Total |   2124 |   1948 |    176 |     72 |   1620 |   3 |  708.0 |
       Dungeon |   2124 |   1948 |    176 |     72 |   1620 |   3 |  708.0 |
               +--------+--------+--------+--------+--------+-----+--------+

Top non-repeatable levels by time:
     D:1: 1202 daAuts
     D:2: 728 daAuts
     D:3: 192 daAuts
